 Dungeon Crawl Stone Soup version 0.30-a0-347-gf58ed5266c (webtiles) character file.

Game seed: 1517295299414223101

548 squaresquared the Conjurer (level 7, -3/40 HPs)
             Began as a Gargoyle Reaver on Nov 6, 2022.
             Was an Initiate of Gozag.
             Slain by a lemure (8 damage)
             ... led by Pikel
             ... on level 5 of the Dungeon.
             The game lasted 00:22:19 (3922 turns).

squaresquared the Conjurer (Gargoyle Reaver)        Turns: 3922, Time: 00:22:20

Health: -3/40      AC: 12    Str: 19    XL:     7   Next: 28%
Magic:  11/11      EV: 12    Int: 14    God:    Gozag
Gold:   399        SH:  0    Dex: 11    Spells: 11/12 levels left

rFire   . . .      SeeInvis .    n - +6 hand axe of Nesh {drain, Fly Str+2 Dex+3 Stlth+}
rCold   + . .      Faith    .    (no shield)
rNeg    + . .      Spirit   .    i - +2 robe {Archmagi}
rPois   ∞          Reflect  .    (no helmet)
rElec   +          Harm     .    x - scarf {+Inv}
rCorr   .          Rampage  .    (no gloves)
Will    .....      Archmagi +    p - +2 pair of boots
Stlth   +++.......               (no amulet)
HPRegen 0.26/turn                c - ring of protection from cold
MPRegen 0.12/turn                (no ring)

@: flying
A: sickness immunity, AC +4, negative energy resistance 1, electricity
resistance, torment resistance 1, petrification resistance
a: Renounce Religion, Evoke Invisibility, Potion Petition, Call Merchant, Bribe
Branch


You were on level 5 of the Dungeon.
You worshipped Gozag.
Gozag was aware of your devotion.
You visited 1 branch of the dungeon, and saw 5 of its levels.

You collected 451 gold pieces.
You paid 52 gold pieces to Gozag.

Inventory:

Hand Weapons
 n - the +6 hand axe of Nesh (weapon) {drain, Fly Str+2 Dex+3 Stlth+}
   (You found it on level 2 of the Dungeon)

   A truly terrible weapon, it drains the life of any living foe it strikes.
   Str:       It affects your strength (+2).
   Dex:       It affects your dexterity (+3).
   Fly:       It grants you flight.
   Stlth:     It makes you more stealthy.
Missiles
 q - 7 poisoned darts (quivered)
Armour
 i - a +2 robe of the Archmagi (worn)
 p - a +2 pair of boots (worn)
 x - a scarf of invisibility (worn)
Magical Staves
 B - a staff of death
Jewellery
 c - a ring of protection from cold (left hand)
Wands
 w - a wand of roots (11)
Scrolls
 b - a scroll of noise {unknown}
 f - 5 scrolls of identify
 g - 3 scrolls of teleportation
 j - 3 scrolls of poison {unknown}
 r - a scroll of enchant weapon {unknown}
 s - a scroll of immolation {unknown}
 t - a scroll of vulnerability {unknown}
 v - 2 scrolls of amnesia {unknown}
 y - a scroll of butterflies {unknown}
 C - a scroll of enchant armour {unknown}
Potions
 a - a potion of cancellation {unknown}
 d - 3 potions of brilliance {unknown}
 e - 3 potions of heal wounds {unknown}
 h - a potion of berserk rage {unknown}
 k - 5 potions of curing {unknown}
 l - a potion of ambrosia {unknown}
 m - a potion of flight
 o - 3 potions of mutation {unknown}
 u - a potion of degeneration {unknown}
 z - a potion of lignification {unknown}
 A - a potion of experience {unknown}


   Skills:
 + Level 2.8 Fighting
 * Level 4.0(4.5) Axes
 - Level 3.5(4.5) Maces & Flails
 + Level 2.3 Armour
 + Level 2.3 Dodging
 + Level 1.2 Stealth
 * Level 3.2 Spellcasting
 * Level 4.4 Conjurations


You had 11 spell levels left.
You knew the following spells:

 Your Spells              Type           Power      Damage    Failure   Level
a - Kiss of Death         Conj/Necr      48%        2d9       9%          1

Your spell library contained the following spells:

 Spells                   Type           Power      Damage    Failure   Level
 Momentum Strike          Conj/Tloc      24%        3d8       13%         2
 Necrotise                Necr           12%        1d4       22%         1
 Slow                     Hex            12%        N/A       22%         1
 Hailstorm                Conj/Ice       12%        3d5       26%         3
 Confusing Touch          Hex            3%         N/A       54%         3
 Inner Flame              Hex/Fire       3%         N/A       54%         3
 Vampiric Draining        Necr           3%         2d6       54%         3
 Cause Fear               Hex            1%         N/A       91%         4
 Agony                    Necr           3%         N/A       99%         5
 Discord                  Hex            1%         N/A       100%        8


Dungeon Overview and Level Annotations

Branches:
Dungeon (5/15)             Temple (0/1) D:4

Altars:
Ashenzari
Cheibriados
Elyvilon
Gozag
Zin

Annotations:
D:5 3 runed translucent doors, KKCryptic's ghost, novice MiFi; Pikel


Innate Abilities, Weirdness & Mutations

You are immune to sickness and miasma.
Your stone body is resilient. (AC +4)
You are immune to poison.
You resist negative energy. (rN+)
You are resistant to electric shocks. (rElec)
You are resistant to unholy torment.
You are immune to petrification.


Message History

You barely miss the lemure.
The lemure is severely wounded.
You hit the lemure. The lemure hits you but does no damage.
The lemure misses you.
You hit the lemure.
The lemure is almost dead.
You miss the lemure. The lemure hits you. The lemure hits you!
You completely miss the lemure.
The lemure is almost dead.
The lemure shouts!
You hit the lemure. The lemure hits you but does no damage.
The lemure misses you.
You hit the lemure.
You kill the lemure!
That felt strangely unrewarding.
You hit the lemure but do no damage. The lemure hits you but does no damage.
The lemure hits you.
You hit the lemure.
The lemure is heavily wounded.
The lemure hits you.
You hit the lemure.
The lemure is severely wounded.
The lemure hits you.
* * * LOW HITPOINT WARNING * * *
The lemure attacks as you move away! The lemure closely misses you.
You hit the lemure.
The lemure is almost dead.
You completely miss the lemure.
The lemure is almost dead.
You hit the lemure. The lemure hits you but does no damage.
The lemure closely misses you. The lemure hits you.
* * * LOW HITPOINT WARNING * * *
The lemure hits you but does no damage.
You slash the lemure!
You kill the lemure!
That felt strangely unrewarding.
You slash the lemure! The lemure barely misses you. The lemure hits you!
You die...
Your body crumbles into a pile of gold.

#.....# #..##.###..............##
...#### #......##..######.......#
...########.#......#### #........
............#.##.#....# #####....
...##########.##.####.###........
...# #....#..#............ ...#
####>#..#............ ...#
#.#..#............ ...#
##########@#............... ...#
#. ...#5K5....#............ ...#
#.###.#.#######....#######. ...#
#...........# #....# #. ...#
#...........# #....#######. ####
#...........# #............
########....####### #............
...........## #............
...........# #######............


You could see Pikel and 2 lemures.

Vanquished Creatures
  A centaur (D:5)
  2 lemures (D:5)
  2 phantoms
  A necrophage (D:5)
  An iguana (D:4)
  Ijyb (D:5)
  Natasha (thrice) (D:4)
  A mummy (D:4)
  3 adders
  2 white imps (D:5)
  2 worms
  A dart slug (D:1)
  5 orcs
  7 ball pythons
  5 bats
  5 endoplasms
  9 giant cockroaches
  3 goblins
  11 hobgoblins
  4 quokkas
  4 frilled lizards
  3 kobolds
  3 rats
79 creatures vanquished.

Notes
Turn   | Place    | Note
-------+----------+-------------------------------------------
     0 | D:1      | squaresquared the Gargoyle Reaver began the quest for the
                  | Orb.
     0 | D:1      | Reached XP level 1. HP: 12/12 MP: 3/3
    77 | D:1      | Reached XP level 2. HP: 7/12 MP: 1/5
   478 | D:1      | Reached XP level 3. HP: 11/20 MP: 6/6
   773 | D:2      | Reached skill level 1 in Armour
   857 | D:2      | Found a white marble altar of Elyvilon.
  1095 | D:2      | Identified the +6 hand axe of Nesh {drain, Fly Str+2 Dex+3
                  | Stlth+}
  1334 | D:2      | Reached XP level 4. HP: 25/27 MP: 7/7
  2032 | D:3      | Found an opulent altar of Gozag.
  2064 | D:3      | Became a worshipper of Gozag Ym Sagoz the Greedy
  2449 | D:4      | Noticed a phantom
  2500 | D:4      | Reached skill level 1 in Axes
  2500 | D:4      | Reached XP level 5. HP: 30/31 MP: 8/8
  2572 | D:4      | Found a staircase to the Ecumenical Temple.
  2590 | D:4      | Noticed Natasha
  2596 | D:4      | Killed Natasha
  2655 | D:4      | Found a snail-covered altar of Cheibriados.
  2735 | D:4      | Found a glowing silver altar of Zin.
  2867 | D:4      | Killed a phantom
  2868 | D:4      | Reached skill level 1 in Stealth
  2868 | D:4      | Reached XP level 6. HP: 25/36 MP: 10/10
  2983 | D:4      | Noticed Natasha
  2990 | D:4      | Killed Natasha
  2994 | D:4      | Found a broken altar of Ashenzari.
  3018 | D:4      | Noticed Natasha
  3025 | D:4      | Killed Natasha
  3094 | D:5      | Entered Level 5 of the Dungeon
  3210 | D:5      | Noticed Ijyb
  3223 | D:5      | Killed Ijyb
  3407 | D:5      | Found a runed translucent gate.
  3410 | D:5      | Found a runed translucent gate.
  3412 | D:5      | Found a runed translucent gate.
  3413 | D:5      | Noticed KKCryptic's ghost (novice MiFi)
  3415 | D:5      | Identified the +1 scale mail of Oteoc {Harm rF- Str+8
                  | Dex+2}
  3510 | D:5      | Noticed Pikel
  3695 | D:5      | Reached XP level 7. HP: 36/40 MP: 11/11
  3922 | D:5      | Slain by a lemure

Illustrated notes

Levels and vault maps discovered:
D:1:      erik_arrival_blinker_ship, layout_loops_ring,
          chequers_serial_rivers_large_b
D:2:      layout_basic, basic_altar, st_stairs_11
D:3:      layout_loops_ring, mainiacjoe_overflow_concentric_impassable
D:4:      layout_cave_pools, slow_altar_1, mainiacjoe_overflow_boulevard,
          ashenzari_altar_1, minmay_temple_entry_antechambers,
          nrook_loot_triangle, uniq_natasha
D:5:      layout_basic, serial_glass, glass_columns_b, glass_columns_a,
          biasface_ghost_orc_armoury, kennysheep_generic_room_9, uniq_pikel,
          uniq_ijyb

Skill      XL: |  1  2  3  4  5  6  7 |
---------------+----------------------+-----
Armour         | 1 2 |  2.3
Dodging        | 2 |  2.3
Axes           | 1 2 3 4 |  4.0
Stealth        | 1 |  1.2
Conjurations   | 4 |  4.4
Spellcasting   | 3 |  3.2
Fighting       | |  2.8
Maces & Flails | |  3.5

Action                   |  1- 3 |  4- 6 |  7- 9 || total
-------------------------+-------+-------+-------++-------
Melee: Mace              |   114 |       |       ||   114
       Hand axe          |     6 |   100 |    26 ||   132
       Punch             |     1 |       |     1 ||     2
Throw: Dart              |       |     4 |       ||     4
 Cast: Kiss of Death     |     3 |       |       ||     3
  Use: Scroll            |     2 |     3 |       ||     5
       Potion            |       |     1 |       ||     1
 Stab: Sleeping          |     1 |       |       ||     1
Armor: Leather armour    |    58 |    15 |       ||    73
       Robe              |       |    21 |    13 ||    34
Dodge: Dodged            |    89 |    69 |    17 ||   175

Table legend: (Time is in decaauts)
 A = Elapsed time spent in this place.
 B = Non-inter-level travel time spent in this place.
 C = Inter-level travel time spent in this place.
 D = Time resting spent in this place.
 E = Time spent auto-exploring this place.
 F = Levels seen in this place.
 G = Mean time per level.
                   A        B        C        D        E       F      G
               +--------+--------+--------+--------+--------+-----+--------+
         Total |   3966 |   3394 |    572 |    156 |   1191 |   5 |  793.2 |
       Dungeon |   3966 |   3394 |    572 |    156 |   1191 |   5 |  793.2 |
               +--------+--------+--------+--------+--------+-----+--------+

Top non-repeatable levels by time:
     D:2: 987 daAuts
     D:5: 833 daAuts
     D:1: 790 daAuts
     D:4: 742 daAuts
     D:3: 612 daAuts
